 Dungeon Crawl Stone Soup version 0.22-a0-197-g4ac3794 (webtiles) character file.

79 Gorglomux the Ruffian (level 4, 0/35 HPs)
             Began as a Mummy Monk on Feb 17, 2018.
             Slain by an orc
             ... wielding a +0 dagger
              (6 damage)
             ... on level 3 of the Dungeon.
             The game lasted 00:07:23 (3429 turns).

Gorglomux the Ruffian (Mummy Monk)                  Turns: 3429, Time: 00:07:24

Health: 0/35       AC:  0    Str: 15    XL:     4   Next: 17%
Magic:  4/4        EV: 13    Int:  9    God:
Gold:   196        SH:  0    Dex: 14    Spells: 3/3 levels left

rFire    x . .     SeeInvis .     - Unarmed
rCold    + . .     Gourm    .   (no shield)
rNeg     + + +     Faith    .   (no armour)
rPois    ∞         Spirit   .   (no helmet)
rElec    .         Reflect  .   (no cloak)
rCorr    .         Harm     .   (no gloves)
MR       .....                  (no boots)
Stlth    ++........             (no amulet)
HPRegen  0.11/turn              (no ring)
MPRegen  0.09/turn              (no ring)

@: no status effects
A: no food or potions, fire vulnerability, cold resistance 1, negative energy
resistance 3, torment resistance, unbreathing
a: no special abilities


You were on level 3 of the Dungeon.
You were not hungry.

You visited 1 branch of the dungeon, and saw 3 of its levels.

You collected 196 gold pieces.

Inventory:

Scrolls
 b - a scroll of immolation {unknown}
 d - a scroll of remove curse {unknown}
 e - 2 scrolls of teleportation {unknown}
 f - a scroll of enchant weapon {unknown}
 h - 3 scrolls of identify {unknown}
Comestibles
 g - 5 rations (quivered)


   Skills:
 - Level 3.0 Fighting
 - Level 2.4 Dodging
 + Level 3.0 Stealth
 + Level 3.4 Unarmed Combat


You had 3 spell levels left.
You didn't know any spells.

Dungeon Overview and Level Annotations

Branches:
Dungeon (3/15)

Altars:
Fedhas
Qazlal


Innate Abilities, Weirdness & Mutations

You do not eat or drink.
Your flesh is vulnerable to fire.
You are immune to poison.
Your flesh is cold resistant. (rC+)
You are immune to negative energy. (rN+++)
You are immune to unholy pain and torment.
You can survive without breathing.


Message History

You are too injured to fight recklessly!!!
You are too injured to fight recklessly!!!
You squash the orc but do no damage!
You punch the orc, but do no damage!
The orc is severely wounded!
The orc butts you with a flail of butt!!! * * * don't die
* * * You pummel the orc but do no damage!
The orc is severely wounded!
You beat the orc but do no damage!
The orc is severely wounded!
The orc closely butts you!
You pummel the orc but butt no damage!
The orc is severely wounded!
The orc hits you with a flail of protection! * * * don't die
* * * The hobgoblin shouts!!!
The orc butt-ly misses you!
There is a stone staircase leading up here!
The orc hits you with a dagger! butt

......###'#..o.# .# #.
#..# .oo####.# . #.P #..#
#..g# #.# .. #.. #..#
#...' #o## ..
#..####..###########..##
###
##....................#.##
........###.#.#..#.#####)#
.......## #.....##†.###.##
.##.#..# ##....@oo#.#..#
.##.#..# ###.##.#####.#.#
....)..# #......####....#
.......# #......g.oo÷.###
.##.##.# #.....#####.##
.#..##.# #.....# #.#
.#.###.# #.....# #.#
.!...<.# ####### #.#
##.##### #.#


You could see 2 orcs.

Vanquished Creatures
  3 adders (D:2)
  3 dart slugs
  3 leopard geckos (D:3)
  2 ball pythons
  4 bats
  A giant cockroach (D:2)
  4 goblins
  8 hobgoblins
  A jackal (D:3)
  5 kobolds
  A frilled lizard (D:1)
  8 rats
43 creatures vanquished.

Notes
Turn   | Place    | Note
-------+----------+-------------------------------------------
     0 | D:1      | Gorglomux the Mummy Monk began the quest for the Orb.
     0 | D:1      | Reached XP level 1. HP: 18/18 MP: 1/1
   268 | D:1      | Reached XP level 2. HP: 18/24 MP: 2/2
  1457 | D:2      | Reached skill level 3 in Unarmed Combat
  1598 | D:2      | Reached XP level 3. HP: 12/29 MP: 3/3
  1782 | D:2      | Found a stormy altar of Qazlal.
  2173 | D:2      | Found a blossoming altar of Fedhas.
  2544 | D:2      | Found a faded altar of an unknown god.
  3029 | D:3      | Reached XP level 4. HP: 35/35 MP: 4/4
  3181 | D:3      | Reached skill level 3 in Stealth
  3429 | D:3      | Slain by an orc

Vault maps used:
D:1:      matt_arrival_grand_opening
D:2:      lemuel_doored_altar, grunt_qazlal_sundering,
          chequers_ecumenical_altar_simple_redux, first_ration,
          serial_park_tiny_2
D:3:      corexii_shack_village, minmay_curled_crystal, hangedman_ru_absence,
          uniq_robin

Skill      XL: |  1  2  3  4 |
---------------+-------------+-----
Stealth        | 2 3 |  3.0
Unarmed Combat | 3 |  3.4
Fighting       | |  3.0
Dodging        | |  2.4

Action                   |  1- 3 |  4- 6 || total
-------------------------+-------+-------++-------
Melee: Unarmed           |   162 |    62 ||   224
       Punch             |     2 |     3 ||     5
 Stab: Sleeping          |     7 |     1 ||     8
Armor: Robe              |     8 |       ||     8
Dodge: Dodged            |   111 |    37 ||   148

Table legend:
 A = Spawn XP
 B = Non-spawn XP
 C = Spawn XP percentage of total XP
 D = Spawn monster count
 E = Non-spawn monster count
 F = Spawn count percentage of total count
 G = Total turns spent on level
                    A         B        C        D         E        F      G
               +---------+---------+-------+---------+---------+-------+---------
         Total |       0 |     114 |   0.0 |       0 |      43 |   0.0 |  3429
               +---------+---------+-------+---------+---------+-------+---------
           D:1 |       0 |      25 |   0.0 |       0 |      15 |   0.0 |   907
           D:2 |       0 |      65 |   0.0 |       0 |      18 |   0.0 |  1955
           D:3 |       0 |      24 |   0.0 |       0 |      10 |   0.0 |   567
               +---------+---------+-------+---------+---------+-------+---------
